 Dungeon Crawl Stone Soup version 0.21.1-1-g345015fe64 (console) character file.

534 Kloppie the Skirmisher (level 7, 0/64 HPs)
             Began as a Ghoul Fighter on Mar 27, 2018.
             Was an Initiate of Makhleb.
             Slain by a sky beast (5 damage)
             ... on level 4 of the Dungeon.
             The game lasted 00:06:53 (4262 turns).

Kloppie the Skirmisher (Ghoul Fighter)              Turns: 4262, Time: 00:06:54

Health: 0/64       AC:  6    Str: 20    XL:     7   Next: 25%
Magic:  6/6        EV:  9    Int:  3    God:    Makhleb [......]
Gold:   117        SH:  0    Dex: 10    Spells: 6/6 levels left

rFire    . . .     SeeInvis .   a - +0 flail
rCold    + . .     Gourm    .   (no shield)
rNeg     + + +     Faith    .   b - +0 scale mail
rPois    ∞         Spirit   .   (no helmet)
rElec    .         Reflect  .   (no cloak)
rCorr    .         Harm     .   (no gloves)
MR       .....                  (no boots)
Stlth    ..........             l - amulet of magic regeneration
HPRegen  0.00/turn              (no ring)
MPRegen  0.35/turn              (no ring)

@: rotting
A: rotting body, claws 1, carnivore, cold resistance 1, negative energy
resistance 3, inhibited regeneration, torment resistance, unbreathing
a: Renounce Religion


You were on level 4 of the Dungeon.
You worshipped Makhleb.
Makhleb was noncommittal.
You were not hungry.

You visited 2 branches of the dungeon, and saw 6 of its levels.

You collected 117 gold pieces.

Inventory:

Hand Weapons
 a - a +0 flail (weapon)
Armour
 b - a +0 scale mail (worn)
 c - a +0 shield
Jewellery
 l - an amulet of magic regeneration (around neck)
Scrolls
 e - 3 scrolls of identify
 h - a scroll of teleportation {unknown}
 i - a scroll of remove curse
 q - a scroll of fog {unknown}
Potions
 d - a potion of might
 g - a potion of cancellation
 k - 2 potions of brilliance
 m - 2 potions of haste
 o - a potion of curing
 p - 3 potions of heal wounds
Books
 n - a book of Maledictions

   Spells                             Type                      Level
   a - Corona                         Hexes                        1
   b - Ensorcelled Hibernation        Hexes/Ice                    2
   c - Confuse                        Hexes                        3
   d - Tukima's Dance                 Hexes                        3
   e - Dazzling Spray                 Conjuration/Hexes            3
Comestibles
 f - 9 rations


   Skills:
 + Level 6.6 Fighting
 + Level 5.1 Maces & Flails
 - Level 2.6 Armour
 - Level 2.6 Shields


You had 6 spell levels left.
You didn't know any spells.

Dungeon Overview and Level Annotations

Branches:
Dungeon (5/15)             Temple (1/1) D:4

Altars:
Ashenzari
Cheibriados
Dithmenos
Elyvilon
Fedhas
Hepliaklqana
Kikubaaqudgha
Makhleb
Nemelex Xobeh
Qazlal
Ru
Sif Muna
Trog
Vehumet
Wu Jian
Xom
Yredelemnul
Zin
The Shining One


Innate Abilities, Weirdness & Mutations

Your body is rotting away.
You thrive on raw meat.
You are immune to poison.
You have sharp fingernails.
You are carnivorous and can eat meat at any time.
Your flesh is cold resistant. (rC+)
You are immune to negative energy. (rN+++)
You do not regenerate when monsters are visible.
You are immune to unholy pain and torment.
You can survive without breathing.


Message History

You barely miss something. Something hits you but does no damage.
You closely miss something. Something hits you.
* * * LOW HITPOINT WARNING * * *
Something shocks you.
* * * LOW HITPOINT WARNING * * *
You miss something. Something hits you.
* * * LOW HITPOINT WARNING * * *
Something shocks you.
* * * LOW HITPOINT WARNING * * *
You thump something!
A sky beast appears from thin air!
Reactivating autopickup.
The sky beast barely misses you.
You hit the sky beast.
The sky beast is heavily wounded.
The sky beast flickers out of sight!
Deactivating autopickup; reactivate with Ctrl-A.
Something hits you.
* * * LOW HITPOINT WARNING * * *
Something shocks you.
You die...

###### .....# #############
.#...####(.......>..#
..........#########.#
....................#
.##.#####.#########.# #########
.##.............@{..# #.......#
.####...........##..###.#####.#
.# #.###..####.........# #.# .#
#.# #......###..##..# #.# .#
#.# #..###.# #..##..# #.#
.####.###..# #.# #......# #.#
...........###.###......# #.#
.####.##.........)......# #.###
## #.......###.###.#..#.# #....


There were no monsters in sight!

Vanquished Creatures
  An ice beast (D:4)
  A centaur (D:5)
  A howler monkey (D:4)
  A crimson imp (D:3)
  An orc wizard (D:4)
  A bullfrog skeleton (D:4)
  An iguana (D:4)
  2 worker ant zombies
  8 adders
  2 oozes (D:1)
  A worm (D:2)
  2 dart slugs
  A leopard gecko (D:4)
  14 orcs
  5 bats
  3 giant cockroaches
  10 goblins
  8 hobgoblins
  6 jackals
  3 quokkas
  2 ball pythons (D:3)
  2 frilled lizards
  6 kobolds
  A quokka skeleton (D:4)
  6 rats
89 creatures vanquished.

Notes
Turn   | Place    | Note
-------+----------+-------------------------------------------
     0 | D:1      | Kloppie the Ghoul Fighter began the quest for the Orb.
     0 | D:1      | Reached XP level 1. HP: 19/19 MP: 0/0
   170 | D:1      | Reached XP level 2. HP: 12/26 MP: 1/1
   493 | D:1      | Reached XP level 3. HP: 24/33 MP: 2/2
   512 | D:1      | Reached skill level 4 in Fighting
  1137 | D:2      | Reached XP level 4. HP: 35/41 MP: 3/3
  1170 | D:2      | Found a white marble altar of Elyvilon.
  1396 | D:2      | Found a snail-covered altar of Cheibriados.
  1397 | D:2      | Found a sacrificial altar of Ru.
  1749 | D:3      | Reached skill level 5 in Fighting
  1749 | D:3      | Reached XP level 5. HP: 31/48 MP: 4/4
  1796 | D:3      | Found a sacrificial altar of Ru.
  1907 | D:3      | Found a faded altar of an unknown god.
  2019 | D:3      | Found a shadowy altar of Dithmenos.
  2338 | D:3      | Found a deep blue altar of Sif Muna.
  2443 | D:3      | Found a stormy altar of Qazlal.
  2770 | D:4      | Reached XP level 6. HP: 23/56 MP: 5/5
  2873 | D:4      | Found a staircase to the Ecumenical Temple.
  2885 | Temple   | Entered the Ecumenical Temple
  3130 | Temple   | Became a worshipper of Makhleb the Destroyer
  3339 | D:4      | Reached skill level 6 in Fighting
  3456 | D:4      | Found a snail-covered altar of Cheibriados.
  3648 | D:5      | Entered Level 5 of the Dungeon
  3650 | D:5      | Noticed a phantom
  3651 | D:5      | Noticed an ice beast
  3669 | D:4      | Killed an ice beast
  3669 | D:4      | Reached XP level 7. HP: 5/64 MP: 6/6
  3969 | D:5      | Reached skill level 5 in Maces & Flails
  4262 | D:4      | Slain by a sky beast

Skill      XL: |  1  2  3  4  5  6  7 |
---------------+----------------------+-----
Maces & Flails | 2 3 4 5 |  5.1
Fighting       | 4 5 6 |  6.6
Armour         | |  2.6
Shields        | |  2.6

Action                   |  1- 3 |  4- 6 |  7- 9 || total
-------------------------+-------+-------+-------++-------
Melee: Flail             |   132 |   239 |    26 ||   397
  Use: Scroll            |       |     7 |       ||     7
       Potion            |       |     2 |       ||     2
  Eat: Chunk             |    12 |     7 |       ||    19
       Ration            |       |       |     1 ||     1
Armor: Scale mail        |    98 |   140 |     8 ||   246
Dodge: Dodged            |    92 |   146 |    12 ||   250
